 Dungeon Crawl Stone Soup version 0.30-a0-591-g3c58d2bc28 (webtiles) character file.

Game seed: 1760734167770552824

69 sanka the Digger (level 3, -4/26 HPs)
             Began as a Demigod Earth Elementalist on Jan 4, 2023.
             Slain by Terence
             ... wielding a +0 flail
              (6 damage)
             ... on level 3 of the Dungeon.
             The game lasted 00:01:59 (1649 turns).

sanka the Digger (Demigod Earth Elementalist)       Turns: 1649, Time: 00:02:00

Health: -4/26      AC:  3    Str:  9    XL:     3   Next: 75%
Magic:  0/8        EV: 12    Int: 21    God:
Gold:   174        SH:  0    Dex: 14    Spells: 5/6 levels left

rFire   . . .      SeeInvis .    (no weapon)
rCold   . . .      Faith    .    (no shield)
rNeg    . . .      Spirit   .    a - +0 robe
rPois   .          Reflect  .    e - +0 helmet
rElec   .          Harm     .    (no cloak)
rCorr   .          Rampage  .    (no gloves)
Will    .....                    (no boots)
Stlth   ++                       (no amulet)
HPRegen 0.24/turn                (no ring)
MPRegen 0.11/turn                (no ring)

@: no status effects
A: high MP 1, forlorn, divine attributes
a: no special abilities


You were on level 3 of the Dungeon.
You visited 1 branch of the dungeon, and saw 3 of its levels.

You collected 174 gold pieces.


Innate Abilities, Weirdness & Mutations

You have an increased reservoir of magic. (+10% MP)
You shall have no god before yourself.
Your divine heritage dramatically boosts your attributes as you level up.


   Skills:
 - Level 1.7 Dodging
 - Level 1.7 Stealth
 - Level 2.0 Spellcasting
 - Level 0.8 Transmutations
 + Level 4.3 Earth Magic


You had 5 spell levels left.
You knew the following spells:

 Your Spells              Type           Power      Damage    Failure   Level
z - Sandblast             Erth           40%        2d10      2%          1

Your spell library contained the following spells:

 Spells                   Type           Power      Damage    Failure   Level
 Passwall                 Tmut/Erth      10%        N/A       8%          2
 Freeze                   Ice            8%         1d3       14%         1
 Stone Arrow              Conj/Erth      22%        3d8       19%         3
 Frozen Ramparts          Ice            4%         1d1       41%         3
 Hailstorm                Conj/Ice       2%         3d3       41%         3
 Petrify                  Tmut/Erth      13%        N/A       45%         4

Inventory:

Armour
 a - a +0 robe (worn)
 e - a +0 helmet (worn)
Scrolls
 c - 2 scrolls of poison {unknown}
 d - a scroll of immolation {unknown}
 g - a scroll of blinking {unknown}
 h - 2 scrolls of identify {unknown}
 l - a scroll of fear {unknown}
Potions
 b - a potion of magic
 f - a potion of berserk rage {unknown}
 i - a potion of curing {unknown}
 j - a potion of resistance {unknown}
 k - a potion of haste {unknown}

Dungeon Overview and Level Annotations

Branches:
Dungeon (3/15)

Shops:
D:2 [

Annotations:
D:3 Terence

.....
.....
▒▒...▒▒▒
..)...
▒....▒
▒....▒
▒.@.▒
▒bp.▒
▒▒.▒▒
▒.▒ ...
.▒▒ ..
▒. ..


You could see Terence and a bat.


Message History

The blast of sand misses Terence.
The blast of sand hits the goblin!
You kill the goblin!
Terence misses you.
The blast of sand hits Terence but does no damage.
Terence is lightly wounded.
The bat closely misses you. Terence hits you with a +0 flail!
* * * LOW HITPOINT WARNING * * *
Terence hits you with a +0 flail.
* * * LOW HITPOINT WARNING * * *
The blast of sand hits Terence.
Terence is moderately wounded.
The bat closely misses you. Terence hits you with a +0 flail.
* * * LOW HITPOINT WARNING * * *
The blast of sand hits Terence but does no damage.
Terence is moderately wounded.
The bat closely misses you. Terence completely misses you.
The bat hits you but does no damage. Terence barely misses you.
The blast of sand hits Terence but does no damage.
Terence is moderately wounded.
The bat barely misses you. Terence barely misses you.
The bat closely misses you. Terence attacks as you move away!
Terence hits you with a +0 flail.
You die...

Action                   || total
-------------------------++-------
 Cast: Sandblast         ||    74
Armor: Robe              ||     5
Dodge: Dodged            ||    23

Levels and vault maps discovered:
D:1:      ncdulo_watergridlock, layout_rooms,
          nicolae_concentric_dashed_squares_mild
D:2:      kennysheep_big_flooded_room, layout_rooms,
          dreamdust_ecumenical_altar_grove, serial_shops, shop,
          grunt_decor_mini_mirrors, minmay_misc_feat_encased,
          minmay_rat_gold_closets
D:3:      layout_loops_cross, patterned_corridor, uniq_ijyb, uniq_jessica,
          uniq_terence, uniq_natasha

Notes
Turn   | Place    | Note
-------+----------+-------------------------------------------
     0 | D:1      | sanka the Demigod Earth Elementalist began the quest for
                  | the Orb.
     0 | D:1      | Reached XP level 1. HP: 14/14 MP: 5/5
    50 | D:1      | Reached skill level 2 in Spellcasting
   150 | D:1      | Reached skill level 3 in Earth Magic
   211 | D:1      | Reached XP level 2. HP: 20/20 MP: 4/7
  1039 | D:2      | Reached XP level 3. HP: 26/26 MP: 6/8
  1166 | D:2      | Reached skill level 4 in Earth Magic
  1236 | D:2      | Found Gebabb's Armour Emporium.
  1639 | D:3      | Noticed Terence
  1646 | D:3      | HP: 1/26 [Terence/+0 flail (5)]
  1649 | D:3      | Slain by Terence

Vanquished Creatures
  2 adders (D:2)
  A dart slug (D:2)
  8 ball pythons
  5 bats
  3 endoplasms (D:1)
  A giant cockroach (D:1)
  5 goblins
  5 hobgoblins
  2 quokkas (D:2)
  3 frilled lizards (D:1)
  3 kobolds
  12 rats
50 creatures vanquished.

Vanquished Creatures (others)
  A plant (D:2)
1 creature vanquished.

Grand Total: 51 creatures vanquished
